 Dungeon Crawl Stone Soup version 0.31-a0-66-ge618eeaa78 (webtiles) character file.

Game seed: 2102180789738141354

8700 greenreed the Cleaver (level 11, -14/157 HPs)
             Began as a Minotaur Berserker on May 22, 2023.
             Was a High Priest of Trog.
             Demolished by an ice devil (15 damage)
             ... on level 10 of the Dungeon.
             The game lasted 00:26:02 (10776 turns).

greenreed the Cleaver (Minotaur Berserker)         Turns: 10776, Time: 00:26:03

Health: -14/157    AC: 15    Str: 27    XL:     11   Next: 13%
Magic:  10/10      EV:  9    Int:  4    God:    Trog [*****.]
Gold:   320        SH:  5    Dex:  9    Spells: 10/10 levels left

rFire   + . .        G - +2 war axe (freeze)
rCold   . . .        (no shield)
rNeg    + . .        p - +0 plate armour
rPois   .            (helmet restricted)
rElec   .            i - +0 cloak
rCorr   .            (no gloves)
SInv    .            (no boots)
Will    .....        K - amulet of reflection Stlth
                     D - ring of protection from fire
HPRegen 0.46/turn    a - ring of positive energy
MPRegen 0.12/turn

%: reflection
@: berserking, lethally poisoned (-14 -> -17), weakened, very quick
A: horns 2, retaliatory headbutt
a: Renounce Religion, Berserk, Trog's Hand, Brothers in Arms


You were on level 10 of the Dungeon.
You worshipped Trog.
Trog was extremely pleased with you.
You visited 1 branch of the dungeon, and saw 10 of its levels.
You also visited: Sewer.

You collected 660 gold pieces.
You spent 340 gold pieces at shops.

Inventory:

Hand Weapons
 q - the +2 mace "Ulikhe" {protect, rPois rF+ Will+}
   (You found it on level 3 of the Dungeon)

   rF:        It protects you from fire.
   rPois:     It protects you from poison.
   Will:      It increases your willpower.
 G - a +2 war axe of freezing (weapon)
 H - a +0 battleaxe
 J - a +0 whip of freezing
Missiles
 F - 8 javelins (quivered)
Armour
 b - the +1 pair of boots of Kikubaaqudgha {Harm Will- rCorr SInv}
   (You found it on level 3 of the Dungeon)

   SInv:      It lets you see invisible.
   rCorr:     It protects you from acid and corrosion.
   Harm:      It increases damage dealt and taken.
   Will:      It decreases your willpower.
 i - a +0 cloak (worn)
 p - a +0 plate armour (worn)
 u - a +0 ring mail of cold resistance
Jewellery
 a - a ring of positive energy (right hand)
 k - a ring of ice
 D - a ring of protection from fire (left hand)
 K - an amulet of reflection (around neck)
 L - a ring of fire
Wands
 s - a wand of flame (37)
 t - a wand of iceblast (13)
 M - a wand of mindburst (5)
Scrolls
 c - 5 scrolls of vulnerability {unknown}
 d - a scroll of acquirement {unknown}
 g - a scroll of fear {unknown}
 j - 13 scrolls of identify {unknown}
 l - 4 scrolls of noise {unknown}
 n - a scroll of immolation {unknown}
 o - 2 scrolls of poison {unknown}
 r - 4 scrolls of teleportation {unknown}
 w - 3 scrolls of enchant weapon {unknown}
 y - a scroll of summoning {unknown}
 C - a scroll of silence {unknown}
Potions
 e - 3 potions of degeneration
 f - a potion of curing
 h - 2 potions of magic {unknown}
 m - 3 potions of might {unknown}
 v - a potion of mutation {unknown}
 x - a potion of cancellation {unknown}
 z - a potion of resistance {unknown}
 A - a potion of brilliance {unknown}
 B - a potion of lignification {unknown}
 E - a potion of heal wounds {unknown}
 I - a potion of enlightenment {unknown}


   Skills:
 * Level 12.6 Fighting
 * Level 12.6 Axes
 + Level 8.7 Armour
 + Level 7.9 Dodging


You had 10 spell levels left.
You didn't know any spells.
Your spell library was empty.

Dungeon Overview and Level Annotations

Branches:
Dungeon (10/15)            Temple (0/1) D:7           Sewer (visited)
   Lair: D:8-11         Orc: D:9-12

Altars:
Cheibriados
Dithmenos
Kikubaaqudgha
Makhleb
Nemelex Xobeh
Qazlal
Ru
Sif Muna
Uskayaw
Vehumet
Wu Jian
Xom
Yredelemnul

Shops:
D:1 [(:!!   D:8 =   D:9 *

Annotations:
D:4 1 runed translucent door, Crazy Yiuf
D:9 1 runed translucent door, roninjake's ghost, novice DsFi


Innate Abilities, Weirdness & Mutations

You have a pair of horns on your head.
You reflexively headbutt those who attack you in melee.


Message History

You feel very sick. The ice devil hits you. The ice devil freezes you!!
You closely miss the ice devil. Your headbutt misses the ice devil.
The ice devil is moderately wounded.
You feel very sick.
A red film seems to cover your vision as you go berserk!
You feel yourself moving faster!
You feel mighty!
You feel very sick. The ice devil barely misses you.
You slash the ice devil!
The ice devil is heavily wounded.
You feel sick.
The ice devil hits you but does no damage.
You hit the ice devil.
The ice devil is heavily wounded.
You feel sick. You block the ice devil's attack.
You hit the ice devil.
You headbutt the ice devil, but do no damage.
The ice devil is heavily wounded.
You feel sick.
You hit the ice devil. You headbutt the ice devil.
The ice devil is severely wounded.
You feel sick. The ice devil hits you!
* * * LOW HITPOINT WARNING * * *
The ice devil freezes you!
* * * LOW HITPOINT WARNING * * *
You completely miss the ice devil.
You headbutt the ice devil, but do no damage.
The ice devil is severely wounded.
You feel sick.
You are too berserk!
You hit the ice devil. Your headbutt misses the ice devil.
The ice devil is almost dead.
You feel sick. You block the ice devil's attack.
You barely miss the ice devil.
The ice devil is almost dead.
You feel sick. The ice devil hits you.
* * * LOW HITPOINT WARNING * * *
The ice devil freezes you!
You die...

#...........
#.#.#.#.#.#.
#...........
#.#.#.#.#.#$
#...........
#.#.#.#.#.#.
####...........
##########..<.#.#.#.#.#.
#...>.4@....######>.#
#.#######.#.####...##
#.## #....#))....#######
#..###.###..[...........
##..##.##..###.......###
. ##4#..#..## #.....:.#
....######.#.#..#
#.......#
#.4.4........##
#.......# ########....##
#.......#


You could see an ice devil.

Vanquished Creatures
  A two-headed ogre (D:9)
  Pikel (D:8)
  Joseph (D:8)
  An orange demon (D:10)
  An unseen horror (D:10)
  2 hornets
  Sigmund (D:3)
  A vampire (D:9)
  10 yaks
  3 steam dragons
  A water moccasin (D:7)
  A black bear (D:6)
  3 orc warriors
  An ice beast (D:6)
  A sky beast (D:7)
  3 ogres
  3 centaurs
  A lemure (D:8)
  3 kobold brigands
  3 gnoll sergeants
  A bullfrog (D:6)
  2 scorpions (D:4)
  6 wights
  8 killer bees (D:8)
  4 howler monkeys
  6 jellies
  8 orc priests
  A hound (D:5)
  A gnoll bouda (D:7)
  A sleepcap (D:5)
  2 iguanas
  14 orc wizards
  20 gnolls
  8 adders
  3 river rats (Sewer)
  A shadow imp (D:8)
  A white imp (D:7)
  An ufetubus (D:5)
  2 worms
  2 dart slugs
  36 orcs
  10 endoplasms
  4 giant cockroaches
  10 goblins
  9 hobgoblins
  8 jackals
  21 kobolds
  11 quokkas
  10 ball pythons
  2 bats (D:1)
  6 frilled lizards
  10 rats
271 creatures vanquished.

Vanquished Creatures (collateral kills)
  A gargoyle (D:7)
  An orc warrior (D:7)
  3 orcs (D:7)
5 creatures vanquished.

Vanquished Creatures (others)
  3 kobolds (D:8)
3 creatures vanquished.

Grand Total: 279 creatures vanquished

Notes
Turn   | Place    | Note
-------+----------+-------------------------------------------
     0 | D:1      | greenreed the Minotaur Berserker began the quest for the
                  | Orb.
     0 | D:1      | Reached XP level 1. HP: 19/19 MP: 0/0
    18 | D:1      | Noticed an electric eel
    59 | D:1      | Found Sutim's Book Emporium.
    96 | D:1      | Found Kiekhlef's Distillery.
   192 | D:1      | Reached XP level 2. HP: 26/27 MP: 1/1
   233 | D:1      | Found a transporter.
   233 | D:1      | Found Wonu's Armour Boutique.
   442 | D:1      | Found Gisokil's Weapon Shop.
   479 | D:1      | Found a transporter.
   649 | D:1      | Found Paucen's Distillery.
   658 | D:1      | Bought a potion of degeneration for 10 gold pieces
   658 | D:1      | Bought a potion of curing for 30 gold pieces
   733 | D:1      | Reached XP level 3. HP: 29/33 MP: 2/2
  1038 | D:2      | Reached ** piety under Trog
  1110 | D:2      | Reached XP level 4. HP: 41/41 MP: 3/3
  1645 | D:3      | Identified the +1 pair of boots of Kikubaaqudgha {Harm
                  | Will- rCorr SInv}
  1731 | D:3      | Reached skill level 5 in Fighting
  1731 | D:3      | Reached skill level 5 in Axes
  1731 | D:3      | Reached XP level 5. HP: 23/48 MP: 4/4
  1785 | D:3      | Found a faded altar of an unknown god.
  1921 | D:3      | Noticed Sigmund
  1954 | D:3      | Killed Sigmund
  1955 | D:3      | Reached XP level 6. HP: 57/57 MP: 5/5
  2084 | D:3      | Found a shadowy altar of Dithmenos.
  2085 | D:3      | Identified the +2 mace "Ulikhe" {protect, rPois rF+ Will+}
  2121 | D:3      | You fall into a shaft and drop 1 floor!
  2566 | D:4      | Reached XP level 7. HP: 64/64 MP: 6/6
  2574 | D:4      | Reached *** piety under Trog
  2707 | D:4      | Found a radiant altar of Vehumet.
  2982 | D:4      | Found a runed translucent door.
  2983 | D:4      | Noticed Crazy Yiuf
  3288 | D:5      | Entered Level 5 of the Dungeon
  3374 | D:5      | Found a shimmering blue altar of Sif Muna.
  3638 | D:5      | Found a glowing drain.
  3662 | Sewer    | Entered a sewer
  4256 | D:5      | Reached XP level 8. HP: 65/73 MP: 7/7
  4257 | D:5      | Reached skill level 5 in Armour
  4372 | D:5      | Found a burning altar of Makhleb.
  4522 | D:5      | Found a hide-covered altar of Uskayaw.
  4528 | D:5      | Reached **** piety under Trog
  4678 | D:5      | Found a stormy altar of Qazlal.
  5254 | D:6      | Identified the +0 ring mail of Twilight {*Slow rF+ Dex+5}
  5418 | D:6      | Found a sparkling altar of Nemelex Xobeh.
  5428 | D:6      | Reached skill level 5 in Dodging
  5669 | D:6      | Found an ornate altar of the Wu Jian Council.
  6007 | D:6      | Found a basalt altar of Yredelemnul.
  6007 | D:6      | Found a shimmering altar of Xom.
  6538 | D:7      | Noticed a gargoyle
  6544 | D:7      | Killed a gargoyle
  6545 | D:7      | Reached XP level 9. HP: 72/83 MP: 8/8
  6955 | D:7      | Found a staircase to the Ecumenical Temple.
  7048 | D:7      | Reached skill level 10 in Fighting
  7048 | D:7      | Reached skill level 10 in Axes
  7348 | D:8      | Noticed Joseph
  7365 | D:8      | Killed Joseph
  7458 | D:8      | Noticed Pikel
  7478 | D:8      | Killed Pikel
  7489 | D:8      | Reached XP level 10. HP: 42/94 MP: 9/9
  7813 | D:8      | Found Huech's Jewellery Shop.
  7820 | D:8      | Bought an amulet of reflection for 300 gold pieces
  8241 | D:8      | Found a snail-covered altar of Cheibriados.
  8560 | D:9      | Found a runed translucent door.
  8561 | D:9      | Noticed roninjake's ghost (novice DsFi)
  8672 | D:9      | Paralysed by a hornet for 3 turns
  8689 | D:9      | HP: 1/142 [hornet (10)]
  8694 | D:8      | HP: 3/95 [poisoned by a hornet]
  8935 | D:9      | Noticed a two-headed ogre
  8955 | D:9      | Killed a two-headed ogre
  9622 | D:9      | Found Zaucw's General Store.
  9673 | D:9      | Found a sacrificial altar of Ru.
  9932 | D:10     | Entered Level 10 of the Dungeon
  9937 | D:10     | Reached XP level 11. HP: 99/100 MP: 10/10
 10092 | D:10     | Found an ancient bone altar of Kikubaaqudgha.
 10281 | D:10     | Reached ***** piety under Trog
 10775 | D:10     | HP: 7/157 [poisoned by an orange demon]
 10776 | D:10     | HP: 1/157 [ice devil (5)]
 10776 | D:10     | Demolished by an ice devil

Illustrated notes

Levels and vault maps discovered:
D:1:      arrival_aquarium_a, layout_basic, serial_shops, nicolae_square_shop,
          nicolae_shop_crystal, nicolae_shop_pleasant_corner_grove,
          nicolae_shop_drivethru, shop
D:2:      layout_basic, grunt_ministairs_4
D:3:      layout_basic, mainiacjoe_overflow_alcove_2,
          ebering_ecumenical_altar_sacrificial, serial_corexii_hall,
          corexii_hall_statues_l, chequers_hall_statues_corner_a,
          corexii_hall_statues_x, chequers_hall_statues_y, minmay_starry_boxes,
          uniq_sigmund
D:4:      layout_loops_ring, vehumet_altar_wand_db, serial_glass,
          glass_columns_b, glass_columns_a, glass_columns_a, glass_columns_a,
          glass_columns_c, glass_columns_a, glass_columns_a, glass_columns_a,
          feat_on_display, due_unseen_surprise, minmay_strange_pillars,
          feat_on_display, minmay_pentangle, uniq_crazy_yiuf_cottage
D:5:      layout_layer_cave, nicolae_uskayaw_suspiria,
          lemuel_coloured_pillars_altar,
          mainiacjoe_overflow_concentric_impassable, general_overflow_altar,
          gup_sewer_entry_pipe
D:6:      layout_loops_ring, gammafunk_temple_overflow_wave,
          amcnicky_altar_gilded, nemelex_dance_club_becter
D:7:      layout_loops_ring, temple_doors_cd
D:8:      layout_loops_corners, mainiacjoe_overflow_catwalk, serial_shops,
          shop_fountains, uniq_pikel, uniq_joseph
D:9:      layout_rooms, lemuel_tele_altar, serial_shops, kennysheep_little_box,
          hellmonk_ghost_big_iron
D:10:     layout_rooms, nicolae_kikubaaqudgha_miasma_corner, serial_demonic,
          serial_demonic_c, serial_demonic_c, serial_demonic_a,
          serial_demonic_d, st_stairs_12

Skill      XL: |  1  2  3  4  5  6  7  8  9 10 |
---------------+-------------------------------+-----
Fighting       | 4 5 6 7 9 10 12 | 12.6
Axes           | 4 5 6 7 9 10 12 | 12.6
Armour         | 3 4 6 7 8 |  8.7
Dodging        | 3 4 5 6 7 |  7.9

Action                     |  1- 3 |  4- 6 |  7- 9 | 10-12 || total
---------------------------+-------+-------+-------+-------++-------
  Melee: Hand axe          |    69 |    92 |   253 |       ||   414
         Headbutt          |     8 |    12 |    61 |    36 ||   117
         Punch             |     1 |     2 |     3 |     2 ||     8
         Mace              |       |     7 |     5 |    30 ||    42
         War axe           |       |       |    91 |   196 ||   287
 Invoke: Berserk           |     1 |     1 |     2 |     3 ||     7
         Trog's Hand       |       |     1 |     4 |     2 ||     7
         Brothers in Arms  |       |       |     2 |       ||     2
  Evoke: Wand              |       |       |     1 |     1 ||     2
    Use: Potion            |       |       |       |     1 ||     1
 Armour: Animal skin       |    13 |       |       |       ||    13
         Ring mail         |       |    16 |       |       ||    16
         Plate armour      |       |    26 |   197 |   153 ||   376
  Dodge: Dodged            |    42 |    46 |   125 |   100 ||   313
  Block: Other             |       |       |       |    39 ||    39

Table legend: (Time is in decaauts)
 A = Elapsed time spent in this place.
 B = Non-inter-level travel time spent in this place.
 C = Inter-level travel time spent in this place.
 D = Time resting spent in this place.
 E = Time spent auto-exploring this place.
 F = Levels seen in this place.
 G = Mean time per level.
                   A        B        C        D        E       F      G
               +--------+--------+--------+--------+--------+-----+--------+
         Total |  10870 |  10280 |    590 |    993 |   7363 |  11 |  988.2 |
       Dungeon |  10493 |   9903 |    590 |    993 |   7116 |  10 | 1049.3 |
         Sewer |    377 |    377 |      0 |      0 |    246 |   1 |  377.0 |
               +--------+--------+--------+--------+--------+-----+--------+

Top non-repeatable levels by time:
     D:8: 1805 daAuts
     D:5: 1478 daAuts
     D:4: 1180 daAuts
     D:6: 1134 daAuts
     D:7: 1022 daAuts
     D:9: 982 daAuts
     D:1: 797 daAuts
     D:2: 762 daAuts
     D:3: 668 daAuts
    D:10: 660 daAuts
   Sewer: 377 daAuts
